 Dungeon Crawl Stone Soup version 0.29-a0-322-g68df515428 (webtiles) character file.

Game seed: 3841659945146328569

2 Hubjo the Insei (level 1, -2/6 (12) HPs)
             Began as a Deep Elf Wanderer on Apr 6, 2022.
             Slain by a kobold
             ... wielding a +0 whip
              (3 damage)
             ... on level 1 of the Dungeon.
             The game lasted 00:00:54 (249 turns).

Hubjo the Insei (Deep Elf Wanderer)                  Turns: 249, Time: 00:00:55

HP:   -2/6 (12)     AC:  3    Str:  7    XL:     1   Next: 33%
MP:   5/5           EV: 12    Int: 17    God:
Gold: 24            SH:  0    Dex: 15    Spells: 3/3 levels left

rFire   . . .      SeeInvis .   a - +0 dagger
rCold   . . .      Faith    .   (no shield)
rNeg    . . .      Spirit   .   d - +0 robe
rPois   .          Reflect  .   (no helmet)
rElec   .          Harm     .   c - +0 cloak
rCorr   .          Rampage  .   (no gloves)
Will    .....                   (no boots)
Stlth   ++........              (no amulet)
HPRegen 0.02/turn               (no ring)
MPRegen 0.09/turn               (no ring)

@: extremely drained
A: no striking features
a: no special abilities


You were on level 1 of the Dungeon.
You visited 1 branch of the dungeon, and saw 1 of its levels.

You collected 24 gold pieces.

Inventory:

Hand Weapons
 a - a +0 dagger (weapon)
Armour
 c - a +0 cloak (worn)
 d - a +0 robe (worn)
Scrolls
 b - a scroll of summoning
 e - 2 scrolls of blinking
Potions
 f - a potion of heal wounds {unknown}
 g - a potion of curing {unknown}


   Skills:
 * Level 1.0 Fighting
 - Level 1.2 Dodging
 * Level 2.5 Stealth
 - Level 3.2 Unarmed Combat
 + Level 1.7 Spellcasting
 + Level 1.2 Necromancy


You had 3 spell levels left.
You didn't know any spells.
Your spell library contained the following spells:

 Spells                   Type           Power      Damage    Failure   Level
 Sublimation of Blood     Necr           5%         N/A       19%         2
 Corpse Rot               Necr/Air       6%         N/A       24%         2


Dungeon Overview and Level Annotations

Branches:
Dungeon (1/15)

Altars:


Message History

The frilled lizard bites you but does no damage.
The kobold barely misses you.
You barely miss the frilled lizard. The kobold barely misses you.
The frilled lizard bites you.
You hit the frilled lizard.
The frilled lizard is heavily wounded.
The frilled lizard bites you but does no damage.
The kobold hits you with a +2 dagger of draining.
You feel drained.
You hit the frilled lizard.
You kill the frilled lizard!
The kobold hits you with a +2 dagger of draining.
* * * LOW HITPOINT WARNING * * *
You feel drained.
You are too injured to fight recklessly!
You are too injured to fight recklessly!
You are too injured to fight recklessly!
You are too injured to fight recklessly!
You are too injured to fight recklessly!
You are too injured to fight recklessly!
You are too injured to fight recklessly!
You are too injured to fight recklessly!
You are too injured to fight recklessly!
You are too injured to fight recklessly!
You are too injured to fight recklessly!
You are too injured to fight recklessly!
You are too injured to fight recklessly!
You are too injured to fight recklessly!
You are too injured to fight recklessly!
You are too injured to fight recklessly!
You are too injured to fight recklessly!
The kobold hits you but does no damage.
You feel drained. The kobold attacks as you move away!
The kobold closely misses you. The kobold attacks as you move away!
The kobold barely misses you. The kobold attacks as you move away!
The kobold hits you with a +2 dagger of draining.
* * * LOW HITPOINT WARNING * * *
You feel drained. The kobold hits you with a +0 whip.
Ouch! That really hurt!
You die...

#.........#
#.........#
#.........# ##
#.........#
...#.........####
.................
#..#....K....#
#.....†.K....#
###..####@####
#.....#.# #...##
##...## ###..####
#.....## .
#.###..# .## #..
##.## ###...
##.###.>## #....#


You could see 2 kobolds.

Vanquished Creatures
  A ball python (D:1)
  2 frilled lizards (D:1)
  A rat (D:1)
4 creatures vanquished.

Notes
Turn   | Place    | Note
-------+----------+-------------------------------------------
     0 | D:1      | Hubjo the Deep Elf Wanderer began the quest for the Orb.
     0 | D:1      | Hubjo set off with the following items: a +0 dagger, a
                  | scroll of summoning, a +0 cloak, a +0 robe, 2 scrolls of
                  | blinking; and the following spells available to memorise:
                  | Sublimation of Blood, Corpse Rot
     0 | D:1      | Reached XP level 1. HP: 12/12 MP: 5/5
   249 | D:1      | Slain by a kobold

Illustrated notes

Levels and vault maps discovered:
D:1:      minmay_arrival_stone_box, layout_rooms, minmay_quantized

Action                   || total
-------------------------++-------
Melee: Dagger            ||    26
Armor: Robe              ||    11
Dodge: Dodged            ||    18

Table legend: (Time is in decaauts)
 A = Elapsed time spent in this place.
 B = Non-inter-level travel time spent in this place.
 C = Inter-level travel time spent in this place.
 D = Time resting spent in this place.
 E = Time spent auto-exploring this place.
 F = Levels seen in this place.
 G = Mean time per level.
                   A        B        C        D        E       F      G
               +--------+--------+--------+--------+--------+-----+--------+
         Total |    249 |    249 |      0 |      0 |    204 |   1 |  249.0 |
       Dungeon |    249 |    249 |      0 |      0 |    204 |   1 |  249.0 |
               +--------+--------+--------+--------+--------+-----+--------+

Top non-repeatable levels by time:
     D:1: 249 daAuts
